 Dungeon Crawl Stone Soup version 0.20-a0-850-ge5a7832 (webtiles) character file.

55 Elitist the Conjurer (level 4, -5/24 HPs)
             Began as a Kobold Conjurer on Mar 10, 2017.
             Slain by an ice beast (11 damage)
             ... on level 2 of the Dungeon.
             The game lasted 00:04:43 (1776 turns).

Elitist the Conjurer (Kobold Conjurer)              Turns: 1776, Time: 00:04:44

Health: -5/24      AC:  4    Str:  5    XL:     4   Next: 14%
Magic:  0/8        EV: 15    Int: 17    God:
Gold:   68         SH:  0    Dex: 15    Spells: 2/9 levels left

rFire    . . .     SeeInvis .   l - +0 short sword
rCold    . . .     Gourm    .   a - +0 robe
rNeg     . . .     Faith    .   (shield restricted)
rPois    .         Spirit   .   m - +1 hat
rElec    .         Reflect  .   j - +0 cloak
rCorr    .         Harm     .   (no gloves)
MR       .....                  (no boots)
Stlth    ++........             (no amulet)
Regen    0.1/turn               (no ring)
MPRegen  0.2/turn               (no ring)

@: no status effects
A: carnivore 3
a: no special abilities


You were on level 2 of the Dungeon.
You were completely stuffed.

You visited 1 branch of the dungeon, and saw 2 of its levels.

You collected 68 gold pieces.

Inventory:

Hand Weapons
 l - a +0 short sword (weapon)
Armour
 a - a +0 robe (worn)
 i - a +0 helmet
 j - a +0 cloak (worn)
 m - a +1 hat (worn)
Scrolls
 d - a scroll of magic mapping {unknown}
 e - 2 scrolls of identify {unknown}
 g - a scroll of noise {unknown}
 h - a scroll of amnesia {unknown}
 k - a scroll of recharging {unknown}
Books
 b - a book of Conjurations

   Spells                             Type                      Level
   a - Magic Dart                     Conjuration                  1
   b - Searing Ray                    Conjuration                  2
   c - Dazzling Spray                 Conjuration/Hexes            3
   d - Fulminant Prism                Conjuration/Hexes            4
   e - Force Lance                    Conjuration/Translocation    4
   f - Iskenderun's Mystic Blast      Conjuration                  4
 n - a book of Maledictions

   Spells                             Type                      Level
   a - Corona                         Hexes                        1
   b - Ensorcelled Hibernation        Hexes/Ice                    2
   c - Confuse                        Hexes                        3
   d - Tukima's Dance                 Hexes                        3
   e - Dazzling Spray                 Conjuration/Hexes            3
Comestibles
 c - a meat ration


   Skills:
 - Level 2.4 Dodging
 - Level 2.6 Stealth
 * Level 3.1 Spellcasting
 + Level 4.8 Conjurations


You had 2 spell levels left.
You knew the following spells:

 Your Spells              Type           Power        Failure   Level  Hunger
b - Iskenderun's Mystic   Conj           ###.....     24%         4    ####...
r - Searing Ray           Conj           ###...       3%          2    ##.....
z - Magic Dart            Conj           ###.         2%          1    None


Dungeon Overview and Level Annotations

Branches:
Dungeon (2/15)

Altars:


Innate Abilities, Weirdness & Mutations

You are small and have problems with some larger weapons.
You are carnivorous and can eat meat at any time.


Message History

Aiming: Magic Dart
Press: ? - help, Shift-Dir - straight line, f/p - ice beast
Aim: an ice beast (severely wounded)
The magic dart hits the ice beast.
The ice beast is severely wounded.
The ice beast barely misses you.
All of the chunks of flesh in your inventory have rotted away.
The ice beast hits you. The ice beast freezes you.
* * * LOW HITPOINT WARNING * * *
Casting: Magic Dart
Confirm with . or Enter, or press ? or * to list all spells.
Aiming: Magic Dart
Press: ? - help, Shift-Dir - straight line, f/p - ice beast
Aim: an ice beast (severely wounded)
The magic dart hits the ice beast.
The ice beast is almost dead.
The ice beast hits you.
* * * LOW HITPOINT WARNING * * *
The ice beast freezes you!
You die...

#.# ####### #.# .Y....#
###################.# #.#
#................##.#
#####.#######...#.##.#.#.###.##.#
#.................##.#.#.# #.##.#
#.###.####........##.#.#.###.##..
#.###.# #.....#####.#.#..##.##..
......# ####...@Y...#.##.##.##.#
#.##### ##.#######.##.##.##.#
#.## ##'## #.......##.# #..#
##...## ####.#####.# ##.###
##.....## ##.# #.. ##.#.##
##.......## ##..# ###
#.....####.........####...#######
#........'.........'.)...........
#.#...####........)###....##.####


You could see an ice beast.

Vanquished Creatures
  2 adders (D:2)
  2 dart slugs
  A leopard gecko (D:1)
  4 bats
  A giant cockroach (D:1)
  3 hobgoblins
  A quokka (D:2)
  A ball python (D:2)
  3 frilled lizards
  5 goblins
  7 kobolds
  4 rats
34 creatures vanquished.

Notes
Turn   | Place    | Note
-------+----------+-------------------------------------------
     0 | D:1      | Elitist the Kobold Conjurer began the quest for the Orb.
     0 | D:1      | Reached XP level 1. HP: 10/10 MP: 3/3
   159 | D:1      | Reached XP level 2. HP: 15/15 MP: 3/5
   755 | D:1      | Reached XP level 3. HP: 17/19 MP: 5/7
  1446 | D:2      | Reached XP level 4. HP: 21/24 MP: 2/8
  1633 | D:2      | Found a faded altar of an unknown god.
  1689 | D:2      | Noticed an ice beast
  1712 | D:2      | Learned a level 2 spell: Searing Ray
  1717 | D:2      | Learned a level 4 spell: Iskenderun's Mystic Blast
  1776 | D:2      | Slain by an ice beast

Vault maps used:
D:1:      minmay_arrival_cross
D:2:      chequers_ecumenical_altar_simple_redux, first_bread

Skill      XL: |  1  2  3 |
---------------+----------+-----
Spellcasting   | 3 |  3.1
Dodging        | |  2.4
Stealth        | |  2.6
Conjurations   | |  4.8

Action                   |  1- 3 |  4- 6 || total
-------------------------+-------+-------++-------
Melee: Unarmed           |     5 |       ||     5
       Short sword       |       |     3 ||     3
 Cast: Magic Dart        |    59 |    19 ||    78
       Searing Ray       |       |     1 ||     1
  Eat: Chunk             |    10 |     1 ||    11
Armor: Robe              |     3 |     2 ||     5
Dodge: Dodged            |     8 |     9 ||    17
